 Dungeon Crawl Stone Soup version 0.13-a0-3060-g5a62039 (webtiles) character file.

2195 Kae the Conjurer (level 9, -1/45 HPs)
             Began as a Tengu Fire Elementalist on Sept 14, 2013.
             Slain by a giant frog (6 damage)
             ... on Level 7 of the Dungeon on Sept 15, 2013.
             The game lasted 00:19:40 (7043 turns).

Kae the Conjurer (Tengu Fire Elementalist)          Turns: 7043, Time: 00:19:41

HP  -1/45        AC  4     Str  8      XL: 9   Next: 22%
MP   1/22        EV 12     Int 25      God:
Gold 193         SH  0     Dex 14      Spells:  5 memorised,  3 levels left

Res.Fire  : . . .   See Invis. : .   A - +1 quarterstaff
Res.Cold  : . . .   Warding    : .   a - +0 robe
Life Prot.: . . .   Conserve   : .   (no shield)
Res.Poison: +       Res.Corr.  : .   (helmet restricted)
Res.Elec. : .       Clarity    : .   t - +1 elf cloak (curse)
Sust.Abil.: . .     Spirit.Shd : .   (no gloves)
Res.Mut.  : .       Stasis     : .   (boots unavailable)
Res.Rott. : .       Flight     : .   (no amulet)
Saprovore : . . .                    g - ring of poison resistance
                                     m - cursed ring of flight

@: about to teleport, brilliant, very slightly contaminated, slightly resistant
to hostile enchantments, stealthy
A: able to fly, beak, talons 3
a: Fly, Evoke Flight


You were on level 7 of the Dungeon.
You were very hungry.

You visited 1 branch of the dungeon, and saw 7 of its levels.

You collected 213 gold pieces.
You spent 40 gold pieces at shops.

Inventory:

Hand weapons
 d - a +0,+0 whip
 p - a +4,+4 elven whip
 A - a +1,+1 quarterstaff (weapon)
Missiles
 k - 113 darts (quivered)
 x - 6 darts of dispersal
Armour
 a - a +0 robe (worn)
 t - a cursed +1 elven cloak (worn)
Magical devices
 i - a wand of draining (8) {unknown}
 r - a wand of fireball (1) {unknown}
Comestibles
 c - 6 bread rations
 f - a choko
 h - 5 grapes
 s - a meat ration
Scrolls
 l - 7 scrolls of identify
 n - 4 scrolls of enchant weapon II
 o - a scroll of enchant weapon I
 v - 2 scrolls of magic mapping
 C - 3 scrolls of remove curse
Jewellery
 g - a ring of poison resistance (right hand)
 m - a cursed ring of flight (left hand)
 q - an uncursed ring of teleportation
Potions
 j - a potion of restore abilities
 w - a potion of speed
 E - a potion of cure mutation
 F - 2 potions of curing
Books
 b - a book of Flames

   Spells                             Type                      Level
   *Flame Tongue                      Conjuration/Fire             1
   *Throw Flame                       Conjuration/Fire             2
   *Conjure Flame                     Conjuration/Fire             3
   Inner Flame                        Hexes/Fire                   3
   *Sticky Flame                      Conjuration/Fire             4
   *Fireball                          Conjuration/Fire             5


   Skills:
 - Level 2.1 Dodging
 - Level 2.0 Stealth
 + Level 5.4 Spellcasting
 + Level 9.1 Conjurations
 * Level 8.8 Fire Magic


You had 3 spell levels left.
You knew the following spells:

 Your Spells              Type           Power        Failure   Level  Hunger
a - Flame Tongue          Conj/Fire      #####        1%          1    None
b - Throw Flame           Conj/Fire      ######       1%          2    None
c - Conjure Flame         Conj/Fire      ######..     1%          3    ##.....
d - Sticky Flame          Conj/Fire      ######..     1%          4    ###....
e - Fireball              Conj/Fire      ######....   1%          5    #####..


Dungeon Overview and Level Annotations

Branches:
Dungeon (7/27)                Orc (0/4) D:7
 Temple: D:4-7

Altars:
Cheibriados
Okawaru
Trog

Shops:
D:6 }   D:7 ?

Annotations:
D:3 exclusion: orc wizard


Innate Abilities, Weirdness & Mutations

You can fly.
You have a beak for a mouth.
You have claws for feet.


Message History

The giant frog barely misses you. The worker ant bites you.
You closely miss the worker ant. Your peck misses the worker ant.
The worker ant is severely wounded.
The giant frog burns!
The giant frog hits you. The worker ant misses you.
The giant frog hits you but does no damage.
A worker ant comes into view.
You closely miss the worker ant. Your kick misses the worker ant.
The worker ant is severely wounded.
The giant frog burns!
The giant frog stops burning.
The giant frog barely misses you. The worker ant closely misses you.
The giant frog hits you.
* * * LOW HITPOINT WARNING * * *
The worker ant barely misses you.
Read which item? (? for menu, Esc to quit)
As you read the scroll of teleportation, it crumbles to dust.
You feel strangely unstable. The giant frog misses you.
The worker ant bites you!
* * * LOW HITPOINT WARNING * * *
The giant frog hits you.
You die...

,,,.........................,, ,,
,,.................)........,,,,,
,,.......)!>.......%........,, ,,
,,..).......................,,,,,
,,,...)...oo................,,,,,
,,,...##########a.......#### ****
,, ..,* #oo......# ,,,,>*
#Fa.)....# ,,,, ,* #@.......# ,
,,,,* #........# ,,,,,,*
#....)...# ,,,,,,* #........#
,,,,,,* #...)....# ,,,,,*
#........# ,,,,,,* #[%......# ,,,
,,* #...(...)# ,,,,,,* #........#


You could see a giant frog, 2 worker ants, an orc wizard and an orc.

Vanquished Creatures
  Eustachio (D:6)
  A hungry ghost (D:7)
  An orc warrior (D:7)
  An ice beast (D:6)
  2 ogres
  3 centaurs
  2 giant frogs (D:6)
  5 wights
  2 crimson imps
  A quasit (D:7)
  3 hounds
  3 jellies
  3 orc wizards
  2 iguanas (D:5)
  5 worker ants
  A mummy (D:7)
  10 adders
  A green rat (D:6)
  A giant mite (D:3)
  3 worms
  An iguana zombie (D:5)
  An adder zombie (D:6)
  A giant eyeball (D:5)
  3 oozes
  8 orcs
  13 bats
  8 giant cockroaches
  10 goblins
  12 hobgoblins
  7 kobolds
  2 ball pythons (D:2)
  3 giant geckos
  5 giant newts
  A kobold zombie (D:6)
  A quokka (D:2)
  11 rats
  A butterfly (D:7)
139 creatures vanquished.

Notes
Turn   | Place    | Note
--------------------------------------------------------------
     0 | D:1      | Kae, the Tengu Fire Elementalist, began the quest for the Orb.
     0 | D:1      | Reached XP level 1. HP: 10/10 MP: 3/3
    12 | D:1      | Upgraded the game from 0.13-a0-3016-gcb2faac to 0.13-a0-3060-g5a62039
    62 | D:1      | Gained mutation: You are partially covered in iridescent scales (AC +4). [potion of mutation]
    62 | D:1      | Gained mutation: Armour fits poorly on your strangely shaped body. [potion of mutation]
    81 | D:1      | Reached XP level 2. HP: 15/15 MP: 3/5
   255 | D:1      | Paralysed by a potion of paralysis for 3 turns
   333 | D:1      | Reached XP level 3. HP: 12/19 MP: 0/7
   851 | D:2      | Reached XP level 4. HP: 18/24 MP: 3/8
   941 | D:2      | Reached skill level 4 in Fire Magic
  1160 | D:2      | Found an iron altar of Okawaru.
  1160 | D:2      | Found a bloodstained altar of Trog.
  1602 | D:3      | Lost mutation: Armour fits poorly on your strangely shaped body. [potion of cure mutation]
  1602 | D:3      | Lost mutation: You are partially covered in iridescent scales (AC +4). [potion of cure mutation]
  1965 | D:3      | Reached XP level 5. HP: 25/28 MP: 12/12
  2565 | D:3      | Learned a level 2 spell: Throw Flame
  2569 | D:3      | Learned a level 3 spell: Conjure Flame
  2838 | D:4      | Reached skill level 5 in Conjurations
  3065 | D:4      | Reached XP level 6. HP: 20/32 MP: 9/14
  3847 | D:5      | Entered Level 5 of the Dungeon
  4057 | D:5      | Learned a level 4 spell: Sticky Flame
  4194 | D:5      | Reached skill level 6 in Conjurations
  4194 | D:5      | Reached skill level 5 in Fire Magic
  4194 | D:5      | Reached XP level 7. HP: 30/36 MP: 5/16
  4605 | D:5      | Found a snail-covered altar of Cheibriados.
  4723 | D:6      | Reached skill level 7 in Conjurations
  4815 | D:6      | Found Ysut's Gadget Shop.
  5154 | D:6      | Noticed Eustachio
  5379 | D:6      | Reached XP level 8. HP: 41/41 MP: 16/20
  5823 | D:6      | Learned a level 5 spell: Fireball
  5834 | D:6      | Killed Eustachio
  6008 | D:7      | Found Dops' Magic Scroll Shop.
  6008 | D:7      | Found a staircase to the Orcish Mines.
  6014 | D:7      | Reached skill level 8 in Conjurations
  6203 | D:7      | Bought a scroll of identify for 20 gold pieces
  6203 | D:7      | Bought a scroll of identify for 20 gold pieces
  6235 | D:7      | Noticed an orc knight
  6566 | D:7      | Reached skill level 5 in Spellcasting
  6797 | D:7      | Reached XP level 9. HP: 39/45 MP: 7/22
  6912 | D:7      | Reached skill level 9 in Conjurations
  7043 | D:7      | Slain by a giant frog

Action                   |  1- 3 |  4- 6 |  7- 9 || total
-------------------------+-------+-------+-------++-------
Melee: Unarmed           |     5 |       |       ||     5
       Whip              |    22 |    11 |       ||    33
       Quarterstaff      |       |    12 |    17 ||    29
 Cast: Flame Tongue      |    29 |   123 |    76 ||   228
       Throw Flame       |       |    13 |    59 ||    72
       Conjure Flame     |       |     1 |       ||     1
       Sticky Flame      |       |       |    10 ||    10
       Fireball          |       |       |     3 ||     3
 Abil: Evoke Flight      |       |       |     1 ||     1
  Use: Potion            |     4 |     7 |     5 ||    16
       Scroll            |       |    18 |     4 ||    22
 Stab: Sleeping          |     1 |     2 |       ||     3
